 Dungeon Crawl Stone Soup version 0.30.1-3-gfc49f6343a (webtiles) character file.

Game seed: 16578964072211578455

7 sampeng1 the Conjurer (level 2, -1/19 (22) HPs)
             Began as a Human Reaver on July 30, 2023.
             Slain by a kobold
             ... wielding a +0 short sword
              (4 damage)
             ... on level 1 of the Dungeon.
             The game lasted 00:00:25 (57 turns).

sampeng1 the Conjurer (Human Reaver)                  Turns: 57, Time: 00:00:26

HP:   -1/19 (22)    AC:  3    Str: 12    XL:     2   Next: 5%
MP:   4/5           EV: 11    Int: 13    God:
Gold: 3             SH:  0    Dex: 11    Spells: 4/5 levels left

rFire   . . .        a - +0 hand axe
rCold   . . .        (no shield)
rNeg    . . .        b - +0 leather armour
rPois   .            (no helmet)
rElec   .            (no cloak)
rCorr   .            (no gloves)
SInv    .            (no boots)
Will    .....        (no amulet)
Stlth   +            (no ring)
HPRegen 0.23/turn    (no ring)
MPRegen 0.09/turn

%: no passive effects
@: heavily drained
A: no striking features
a: no special abilities


You were on level 1 of the Dungeon.
You visited 1 branch of the dungeon, and saw 1 of its levels.

You collected 3 gold pieces.

Inventory:

Hand Weapons
 a - a +0 hand axe (weapon)
Armour
 b - a +0 leather armour (worn)


   Skills:
 + Level 2.1 Fighting
 + Level 3.1 Axes
 + Level 2.1 Dodging
 + Level 2.1 Spellcasting
 + Level 3.1 Conjurations


You had 4 spell levels left.
You knew the following spells:

 Your Spells              Type           Power      Damage    Failure   Level
a - Kiss of Death         Conj/Necr      20%        2d7       17%         1

Your spell library contained the following spells:

 Spells                   Type           Power      Damage    Failure   Level
 Momentum Strike          Conj/Tloc      10%        3d8       26%         2
 Hailstorm                Conj/Ice       5%         3d4       45%         3


Dungeon Overview and Level Annotations

Branches:
Dungeon (1/15)

Altars:

Annotations:
D:1 1 transporter


Message History

You hit the kobold.
You kill the kobold!
You hit the ball python.
The ball python bites you but does no damage.
The ball python constricts you.
The kobold throws a stone.
The stone barely misses you. The ball python barely misses you.
The ball python constricts you.
You hit the ball python.
You kill the ball python!
You hit the kobold but do no damage.
The kobold hits you with a +0 short sword.
The kobold barely misses you.
You hit the kobold but do no damage. You hit the endoplasm.
The endoplasm freezes you.
You are frozen.
The kobold barely misses you.
You closely miss the kobold. You hit the endoplasm.
You kill the endoplasm!
The kobold hits you with a +0 short sword.
* * * LOW HITPOINT WARNING * * *
You have reached level 2!
Sorry, you're not good enough to have a special ability.
Casting: Kiss of Death (safe; 17% risk of failure)
Confirm with . or Enter, or press ? or * to list all spells.
You don't know that spell.
Casting: Kiss of Death (safe; 17% risk of failure)
Confirm with . or Enter, or press ? or * to list all spells.
Aiming: Kiss of Death (safe; 17% risk of failure)
Press: ? - help, Shift-Dir - straight line, f - kobold
Aim: a kobold, wielding a +0 whip and quivering stones (100% to hit)
The negative energy hits the kobold!
The kobold is drained!
You kill the kobold!
You feel drained. The kobold closely misses you.
You hit the kobold.
The kobold is moderately wounded.
The kobold hits you with a +0 short sword.
* * * LOW HITPOINT WARNING * * *
You barely miss the kobold.
The kobold is moderately wounded.
The kobold hits you with a +0 short sword.
You die...

.... ... ... .# .. .#
#.### ###.# #... ...
#)K# #.# #.@# ##.#####
#..#########.......
#...†..............
........###.####....###
#.####.## #.# ##.#.#
#.# #.# #.#.# #.# #.#
#.#.# #.# #.# #.#.# #..
... ..#.#


You could see a kobold.

Vanquished Creatures
  A ball python (D:1)
  An endoplasm (D:1)
  A hobgoblin (D:1)
  2 kobolds (D:1)
  A rat (D:1)
6 creatures vanquished.

Notes
Turn   | Place    | Note
-------+----------+-------------------------------------------
     0 | D:1      | sampeng1 the Human Reaver began the quest for the Orb.
     0 | D:1      | Reached XP level 1. HP: 16/16 MP: 3/3
    55 | D:1      | Reached XP level 2. HP: 4/22 MP: 5/5
    57 | D:1      | Slain by a kobold

Illustrated notes

Levels and vault maps discovered:
D:1:      spicycebolla_arrival_risky_transporter, layout_loops_ring,
          dreamdust_ecumenical_altar_grove, minmay_hexomino_p4

Action                     || total
---------------------------++-------
  Melee: Hand axe          ||    12
   Cast: Kiss of Death     ||     1
 Armour: Leather armour    ||     2
  Dodge: Dodged            ||     9
